 Dungeon Crawl Stone Soup version 0.18-a0-1551-g40744a8 (webtiles) character file.

291 Ijustatesigmund the Insei (level 6, -2/42 HPs)
             Began as an Octopode Transmuter on Mar 11, 2016.
             Slain by an orc
             ... wielding a +0 trident
              (3 damage)
             ... on level 3 of the Dungeon.
             The game lasted 00:08:32 (2963 turns).

Ijustatesigmund the Insei (Octopode Transmuter)     Turns: 2963, Time: 00:08:32

Health: -2/42      AC:  1    Str: 10    XL:     6   Next: 32%
Magic:  18/18      EV: 12    Int: 17    God:
Gold:   100        SH:  0    Dex: 16    Spells: 3 memorised, 3 levels left

rFire  . . .     SeeInvis .       - Unarmed
rCold  . . .     Gourm    .     (no shield)
rNeg   . . .     Faith    .     (helmet restricted)
rPois  .         Spirit   .     (no amulet)
rElec  .         Dismiss  .     n - ring of stealth
rCorr  .         Reflect  .     i - ring of magical power
SustAt .         Harm     .     l - +4 ring of dexterity
MR     .....                    p - ring of wizardry
Stlth  +++++.....               (no ring)
                                (no ring)
                                (no ring)
                                (no ring)

@: flying, not resistant to hostile enchantments, quite stealthy
A: almost no armour, amphibious, 8 rings, constrict 8, camouflage 1, gelatinous
body 1
a: no special abilities


You were on level 3 of the Dungeon.
You were not hungry.

You visited 1 branch of the dungeon, and saw 3 of its levels.
You also visited: Sewer.

You collected 100 gold pieces.

Inventory:

Missiles
 a - 27 arrows
 m - 5 javelins (quivered)
Jewellery
 i - a ring of magical power (right tentacle)
 l - a +4 ring of dexterity (on tentacle)
 n - a ring of stealth (left tentacle)
 p - a ring of wizardry (on tentacle)
Scrolls
 d - a scroll of teleportation
 e - a scroll of noise {unknown}
 g - a scroll of amnesia
 j - a scroll of remove curse
Potions
 h - a potion of agility {unknown}
 o - 2 potions of curing
 r - a potion of heal wounds {unknown}
 s - 2 potions of flight
Books
 b - a book of Changes

   Spells                             Type                      Level
   a - Beastly Appendage              Transmutation                1
   b - Sticks to Snakes               Transmutation                2
   c - Spider Form                    Transmutation/Poison         3
   d - Ice Form                       Ice/Transmutation            4
   e - Blade Hands                    Transmutation                5
Comestibles
 c - a bread ration
 f - 4 meat rations
 k - a slice of pizza
 q - a beef jerky
 t - 7 chunks of flesh


   Skills:
 + Level 3.2 Fighting
 - Level 2.0 Dodging
 + Level 3.2 Stealth
 + Level 4.6 Unarmed Combat
 - Level 2.0 Spellcasting
 - Level 2.0 Transmutations
 + Level 3.2 Poison Magic


You had 3 spell levels left.
You knew the following spells:

 Your Spells              Type           Power        Failure   Level  Hunger
a - Beastly Appendage     Trmt           #.....       4%          1    #......
b - Sticks to Snakes      Trmt           #.......     6%          2    ###....
c - Spider Form           Trmt/Pois      ##........   9%          3    ###....


Dungeon Overview and Level Annotations

Branches:
Dungeon (3/15)

Altars:
Vehumet


Innate Abilities, Weirdness & Mutations

You cannot wear most types of armour.
You are amphibious.
You can wear up to eight rings at the same time.
You can use your tentacles to constrict eight enemies at once.
Your skin changes colour to match your surroundings (Stealth).
Your rubbery body absorbs attacks (AC +1).


Message History

You kill the orc!
The orc hits you from afar with a trident!
* * * LOW HITPOINT WARNING * * *
Read which item? (? for menu, Esc to quit)
Okay, then.
Drink which item? (? for menu, Esc to quit)
You feel better. The orc barely misses you. The orc hits you with a trident.
* * * LOW HITPOINT WARNING * * *
Items here: )) [ † a dagger; a robe; a hand axe; an orc corpse You barely miss the orc.
Your grab misses the orc. You squeeze the orc.
The orc is moderately wounded.
The orc hits you with a trident.
* * * LOW HITPOINT WARNING * * *
Drink which item? (? for menu, Esc to quit)
It was a potion of flight.
You feel very buoyant.
You fly up into the air.
The orc hits you with a trident.
You die...

*****,,,<,,**>,* #.#.#**#.##.
*,,,,,,**#.* #.#.#,,.)##.
*,,,,,,*##.### #.#.#,*####.
********#....# #.#.#,**#... *
#....# #.#.#,,,+... * #....#
#.#.#####... * **####....#
#......##### * *,......o.#
#......# * *,......)@##
#......#
********,......#..####.#.####
,,,,,,,+,.....,+.........#
********,....,,##(####.### ##
*,...,,,*#.####'####### #.
*,..,,,,*#..#.........# #.
*** *,.,,,,,*##.#...).....#
#. ,,* *********
#.#......(..# #. ,,*
#.#.........###.


You could see an orc.

Vanquished Creatures
  A big kobold (Sewer)
  Terence (D:2)
  2 orc wizards (D:3)
  A worker ant (D:3)
  2 adders
  4 dart slugs (D:1)
  3 giant geckos
  10 orcs (D:3)
  A giant cockroach (D:1)
  6 goblins
  8 hobgoblins
  7 jackals
  7 kobolds
  A quokka (D:2)
  7 bats
  4 giant newts
  14 rats
79 creatures vanquished.

Notes
Turn   | Place    | Note
--------------------------------------------------------------
     0 | D:1      | Ijustatesigmund the Octopode Transmuter began the quest for the Orb.
     0 | D:1      | Reached XP level 1. HP: 13/13 MP: 3/3
    69 | D:1      | Reached XP level 2. HP: 18/18 MP: 5/5
   289 | D:1      | Reached XP level 3. HP: 17/24 MP: 6/6
   293 | D:1      | Learned a level 2 spell: Sticks to Snakes
   297 | D:1      | Learned a level 3 spell: Spider Form
   611 | D:2      | Noticed Terence
   695 | D:2      | Killed Terence
   695 | D:2      | Reached skill level 1 in Poison Magic
   695 | D:2      | Reached XP level 4. HP: 18/30 MP: 3/7
   926 | D:2      | Reached skill level 4 in Unarmed Combat
  1021 | D:2      | Found a radiant altar of Vehumet.
  1352 | D:2      | Reached skill level 1 in Stealth
  1900 | D:3      | Reached XP level 5. HP: 24/35 MP: 8/8
  2042 | D:3      | Found a glowing drain.
  2059 | Sewer    | Entered a sewer
  2280 | Sewer    | Noticed a big kobold
  2300 | Sewer    | Killed a big kobold
  2309 | Sewer    | Reached XP level 6. HP: 15/42 MP: 9/9
  2641 | Sewer    | Found a white marble altar of Elyvilon.
  2959 | D:3      | HP: 2/42 [orc/trident (8)]
  2963 | D:3      | Slain by an orc

Vault maps used:
D:1:      scummos_arrival_checkerplants
D:2:      fiery_altar_vehumet, uniq_terence
D:3:      portal_sewer_entry_b
Sewer:    sewer_kobolds

Skill      XL: |  1  2  3  4  5  6 |
---------------+-------------------+-----
Fighting       | 2 3 |  3.2
Poison Magic   | 1 2 3 |  3.2
Unarmed Combat | 4 |  4.6
Stealth        | 1 2 3 |  3.2
Dodging        | |  2.0
Spellcasting   | |  2.0
Transmutations | |  2.0

Action                   |  1- 3 |  4- 6 || total
-------------------------+-------+-------++-------
Melee: Unarmed           |    69 |   136 ||   205
 Cast: Spider Form       |     1 |     5 ||     6
  Use: Scroll            |     1 |    10 ||    11
       Potion            |       |     2 ||     2
 Stab: Sleeping          |     4 |    11 ||    15
  Eat: Chunk             |       |     7 ||     7
